 Dungeon Crawl Stone Soup version 0.31-a0-18-gea43df2a32 (webtiles) character file.

Game seed: 18331673315101078410

3815 Dittersdorf the Fighter (level 10, -19/65 HPs)
             Began as a Gargoyle Fighter on May 5, 2023.
             Was a Believer of Okawaru.
             Killed from afar by Erica (28 damage)
             ... with a lance of force
             ... on level 8 of the Dungeon on May 9, 2023.
             The game lasted 00:12:57 (7172 turns).

Dittersdorf the Fighter (Gargoyle Fighter)          Turns: 7172, Time: 00:12:58

Health: -19/65     AC: 21    Str: 24    XL:     10   Next: 17%
Magic:  0/10       EV:  8    Int:  9    God:    Okawaru [**....]
Gold:   393        SH: 12    Dex: 19    Spells: 9/9 levels left

rFire   . . .        y - +2 flail (venom)
rCold   . . .        t - +0 kite shield
rNeg    + . .        z - +1 chain mail "Baekic" {rElec rPois rCorr Dex+4}
rPois   ∞            (no helmet)
rElec   +            (no cloak)
rCorr   +            m - +1 pair of gloves
SInv    .            (no boots)
Will    +....        h - amulet of guardian spirit Stlth
                     f - ring of willpower
HPRegen 0.30/turn    j - +6 ring of dexterity
MPRegen 0.12/turn

%: guardian spirit
@: slowed, very slow
A: sickness immunity, AC +7, negative energy resistance 1, electricity
resistance, torment resistance 1, petrification resistance
a: Renounce Religion, Heroism


You were on level 8 of the Dungeon.
You worshipped Okawaru.
Okawaru was pleased with you.
You visited 2 branches of the dungeon, and saw 9 of its levels.

You collected 393 gold pieces.

Inventory:

Hand Weapons
 y - a +2 flail of venom (weapon)
Missiles
 k - 16 poisoned darts (quivered)
Armour
 m - a +1 pair of gloves (worn)
 t - a +0 kite shield (worn)
 z - the +1 chain mail "Baekic" (worn) {rElec rPois rCorr Dex+4}
   (You found it on level 6 of the Dungeon)

   Dex:       It affects your dexterity (+4).
   rElec:     It insulates you from electricity.
   rPois:     It protects you from poison.
   rCorr:     It protects you from acid and corrosion.
Jewellery
 f - a ring of willpower (left hand)
 h - an amulet of guardian spirit (around neck)
 j - a +6 ring of dexterity (right hand)
Wands
 s - a wand of roots (3)
Scrolls
 n - 2 scrolls of silence {unknown}
 q - 4 scrolls of teleportation {unknown}
 r - a scroll of blinking {unknown}
 v - a scroll of enchant weapon {unknown}
 w - a scroll of enchant armour {unknown}
Potions
 a - a potion of mutation {unknown}
 b - a potion of invisibility {unknown}
 d - 2 potions of might
 g - 2 potions of curing
 i - 3 potions of ambrosia
 p - 2 potions of brilliance
 u - a potion of flight


   Skills:
 + Level 8.6 Fighting
 + Level 7.4 Maces & Flails
 + Level 8.5 Armour
 + Level 8.6 Shields


You had 9 spell levels left.
You didn't know any spells.
Your spell library contained the following spells:

 Spells                   Type           Power      Damage    Failure   Level
 Ozocubu's Armour         Ice            0%         N/A       100%        3
 Ozocubu's Refrigeration  Ice            0%         4d7       100%        7


Dungeon Overview and Level Annotations

Branches:
Dungeon (8/15)             Temple (1/1) D:5            Lair (0/5) D:8

Altars:
Ashenzari
Cheibriados
Dithmenos
Elyvilon
Fedhas
Gozag
Hepliaklqana
Makhleb
Nemelex Xobeh
Okawaru
Ru
Sif Muna
Trog
Uskayaw
Vehumet
Wu Jian
Xom
Yredelemnul
Zin
The Shining One

Shops:
D:3 [

Portals:
Bailey: D:8

Annotations:
D:8 Erica


Innate Abilities, Weirdness & Mutations

You are immune to sickness and miasma.
Your stone body is resilient. (AC +7)
You are immune to poison.
You resist negative energy. (rN+)
You are resistant to electric shocks. (rElec)
You are resistant to unholy torment.
You are immune to petrification.


Message History

The bolt of poison hits you but does no damage.
You resist.
You hit something. You block the goblin's attack.
Something hits you but does no damage. You block the goblin's attack.
The goblin hits you from afar with a +0 spear.
* * * LOW HITPOINT WARNING * * *
Something hits you but does no damage. You block the goblin's attack.
You hear some strange, mumbled words.
Something tries to affect you, but you resist.
You block something's attack. The goblin hits you but does no damage.
Something hits you but does no damage. Something hits you.
* * * LOW HITPOINT WARNING * * *
Something burns you.
* * * LOW HITPOINT WARNING * * *
You hear the faint creaking of a portcullis very nearby.
The goblin barely misses you. Something hits you!
* * * LOW HITPOINT WARNING * * *
Something burns you.
* * * LOW HITPOINT WARNING * * *
The goblin hits you but does no damage. The goblin closely misses you.
Something hits you but does no damage. You block the goblin's attack. x2
The goblin barely misses you.
There is a stone staircase leading up here.
Things that are here:
2 potions of attraction; a potion of lignification; 5 scrolls of immolation You hit something.
Erica appears from thin air!
Reactivating autopickup.
Erica hits you but does no damage. The goblin barely misses you.
The goblin hits you but does no damage. x2; Erica barely misses you.
You hit Erica but do no damage.
Erica is lightly wounded.
You block the goblin's attack.
The goblin hits you but does no damage. x2
You block Erica's attack.
The goblin hits you but does no damage. x2
You block the goblin's attack. Erica gestures at you while chanting.
The lance of force hits you!!
You die...

**,*,,,,,,,,,,,,,,,
##*##..#,...,*,,,,,,,,<
##.##.......,,,,,,,,,,,,
*..........#,**,,,,,,,,*
*,......#$.#***,..,,,,,*
**,#...[#..# *##..,,,,,,
*#.**#......###..$.,,**,,
**..$###......#....,,,***,
**,.......@.........,...#*,
*,,........@g...##,......#,
***.#......gg..##*,...>...,
*,####........#**.......,
*** ###.....###*....>..,
#.......##.....$.,
*###........≈≈≈≈≈.,
*#.........).≈.>.≈.,
#............~.∩.≈.,


You could see Erica (very poisoned) and 3 goblins.

Vanquished Creatures
  Maggie (D:6)
  A troll (D:7)
  Prince Ribbit (D:5)
  A wyvern (D:7)
  A steam dragon (D:7)
  Edmund (D:6)
  2 water moccasins
  3 ogres
  An orc warrior (D:6)
  3 black bears
  2 centaurs
  A phantom (D:4)
  3 bullfrogs (D:7)
  A gnoll sergeant (D:5)
  3 scorpions
  7 killer bees
  3 howler monkeys (D:7)
  3 jellies
  2 hounds
  3 orc priests
  A sleepcap (D:4)
  7 iguanas
  7 orc wizards
  6 gnolls
  11 adders
  A worm (D:2)
  2 dart slugs
  24 orcs
  7 ball pythons
  2 bats (D:3)
  9 endoplasms
  5 giant cockroaches
  12 goblins
  11 hobgoblins
  2 jackals (D:2)
  11 kobolds
  5 quokkas
  4 frilled lizards
  6 rats
176 creatures vanquished.

Notes
Turn   | Place    | Note
-------+----------+-------------------------------------------
     0 | D:1      | Dittersdorf the Gargoyle Fighter began the quest for the
                  | Orb.
     0 | D:1      | Reached XP level 1. HP: 14/14 MP: 1/1
   130 | D:1      | Reached XP level 2. HP: 18/19 MP: 2/2
   435 | D:1      | Upgraded the game from 0.31-a0-7-g51783674b7 to
                  | 0.31-a0-18-gea43df2a32
   443 | D:1      | Reached XP level 3. HP: 24/24 MP: 3/3
  1093 | D:2      | You fall into a shaft and drop 1 floor!
  1150 | D:2      | Reached XP level 4. HP: 25/29 MP: 1/4
  1713 | D:3      | Found Kyunuxt's Antique Armour Emporium.
  2141 | D:3      | Found a faded altar of an unknown god.
  2430 | D:4      | Reached XP level 5. HP: 32/33 MP: 5/5
  2568 | D:4      | Noticed a phantom
  2594 | D:4      | Killed a phantom
  2614 | D:4      | Reached XP level 6. HP: 21/39 MP: 4/6
  3172 | D:4      | Reached skill level 5 in Fighting
  3280 | D:4      | Found an opulent altar of Gozag.
  3292 | D:4      | Reached skill level 5 in Armour
  3292 | D:4      | Reached skill level 5 in Shields
  3422 | D:5      | Entered Level 5 of the Dungeon
  3436 | D:5      | Reached XP level 7. HP: 32/44 MP: 7/7
  3597 | D:5      | Noticed Prince Ribbit
  3743 | D:5      | Killed Prince Ribbit
  3847 | D:5      | Reached XP level 8. HP: 51/51 MP: 8/8
  4120 | D:5      | Reached skill level 5 in Maces & Flails
  4549 | D:5      | Reached XP level 9. HP: 54/56 MP: 9/9
  4701 | D:5      | Found a staircase to the Ecumenical Temple.
  4709 | Temple   | Entered the Ecumenical Temple
  4746 | Temple   | Became a worshipper of Warmaster Okawaru
  5342 | D:6      | Noticed Maggie
  5354 | D:6      | Killed Maggie
  5437 | D:6      | Noticed Edmund
  5450 | D:6      | Killed Edmund
  5630 | D:6      | Reached * piety under Okawaru
  5732 | D:6      | Identified the +1 chain mail "Baekic" {rElec rPois rCorr
                  | Dex+4}
  6500 | D:7      | Reached ** piety under Okawaru
  6501 | D:7      | Reached XP level 10. HP: 48/64 MP: 6/10
  6652 | D:7      | Identified the +1 scimitar of the Immovable Mystics {heavy,
                  | rF+ Will- SInv}
  7138 | D:8      | Noticed Erica
  7140 | D:8      | Found a flagged portal.
  7172 | D:8      | Killed from afar by Erica

Illustrated notes

Levels and vault maps discovered:
D:1:      lemuel_arrival_behind_the_door_large, layout_loops_cross
D:2:      layout_rooms
D:3:      layout_loops_ring, dilly_ecumenical_altar_fadedgnrine, serial_shops,
          shop_fountains
D:4:      layout_loops_ring, kennysheep_little_box, serial_co_window_serial,
          co_window_corner_a, co_window_corner_a, co_window_corner_a,
          co_window_paths_b, co_window_paths_a, co_window_of_opportunity_b,
          co_window_corner_b, co_window_unsneaky_path_a,
          co_window_unsneaky_path_c, minmay_circle_x
D:5:      minmay_opposing_rooms, layout_basic,
          minmay_temple_entry_drinking_statues, uniq_prince_ribbit1
D:6:      layout_basic, minmay_holes, uniq_maggie, uniq_edmund
D:7:      layout_gridville, palyth_stone_intersect
D:8:      layout_cave_pools, kiku_gazebo_pond_becter, erik_lair_island,
          special_room [special_room_orc], enter_bailey_5, uniq_gastronok,
          uniq_maurice, uniq_erica
Temple:   hellmonk_temple_of_storms

Skill      XL: |  1  2  3  4  5  6  7  8  9 |
---------------+----------------------------+-----
Fighting       | 4 5 6 8 |  8.6
Armour         | 4 5 6 8 |  8.5
Shields        | 4 5 6 8 |  8.6
Maces & Flails | 3 4 5 7 |  7.4

Action                     |  1- 3 |  4- 6 |  7- 9 | 10-12 || total
---------------------------+-------+-------+-------+-------++-------
  Melee: Flail             |   139 |   205 |   241 |    40 ||   625
  Throw: Dart              |     1 |       |    28 |       ||    29
    Use: Scroll            |       |     1 |       |     8 ||     9
 Armour: Scale mail        |   101 |    31 |       |       ||   132
         Chain mail        |       |   111 |   176 |    56 ||   343
  Dodge: Dodged            |    79 |    75 |    94 |    20 ||   268
  Block: Buckler           |    53 |    44 |    22 |       ||   119
         Kite shield       |       |       |   130 |    43 ||   173

Table legend: (Time is in decaauts)
 A = Elapsed time spent in this place.
 B = Non-inter-level travel time spent in this place.
 C = Inter-level travel time spent in this place.
 D = Time resting spent in this place.
 E = Time spent auto-exploring this place.
 F = Levels seen in this place.
 G = Mean time per level.
                   A        B        C        D        E       F      G
               +--------+--------+--------+--------+--------+-----+--------+
         Total |   7456 |   7265 |    191 |    752 |   4740 |   9 |  828.4 |
       Dungeon |   7408 |   7230 |    178 |    752 |   4722 |   8 |  926.0 |
        Temple |     47 |     34 |     13 |      0 |     18 |   1 |   47.0 |
               +--------+--------+--------+--------+--------+-----+--------+

Top non-repeatable levels by time:
     D:4: 1646 daAuts
     D:5: 1285 daAuts
     D:6: 1194 daAuts
     D:1: 1046 daAuts
     D:7: 987 daAuts
     D:3: 724 daAuts
     D:2: 467 daAuts
     D:8: 56 daAuts
  Temple: 47 daAuts
